 Dungeon Crawl Stone Soup version 0.27-a0-1081-ge8a0a9c698 (webtiles) character file.

Game seed: 6359426771349703827

38 tilp the Sneak (level 3, -4/19 HPs)
             Began as a Vine Stalker Brigand on Apr 26, 2021.
             Slain by an iguana (9 damage)
             ... on level 2 of the Dungeon.
             The game lasted 00:01:24 (1487 turns).

tilp the Sneak (Vine Stalker Brigand)               Turns: 1487, Time: 00:01:24

Health: -4/19      AC:  3    Str: 13    XL:     3   Next: 43%
Magic:  0/4        EV: 11    Int: 11    God:
Gold:   33         SH:  0    Dex: 16    Spells: 2/2 levels left

rFire    . . .     SeeInvis .   a - +3 dagger
rCold    . . .     Faith    .   (no shield)
rNeg     . . .     Spirit   +   b - +0 robe
rPois    .         Reflect  .   (no helmet)
rElec    .         Harm     .   c - +0 cloak
rCorr    .         Rampage  .   (no gloves)
Will     .....                  (no boots)
Stlth    +++.......             (no amulet)
HPRegen  0.06/turn              (no ring)
MPRegen  0.09/turn              (no ring)

@: no status effects
A: fangs 2, magic shield, antimagic bite, no potion heal 2
a: no special abilities


You were on level 2 of the Dungeon.
You visited 1 branch of the dungeon, and saw 2 of its levels.

You collected 33 gold pieces.

Inventory:

Hand Weapons
 a - a +3 dagger (weapon)
Missiles
 d - 27 poisoned darts (quivered)
 e - 2 curare-tipped darts {!f}
Armour
 b - a +0 robe (worn)
 c - a +0 cloak (worn)
Jewellery
 j - a +6 ring of intelligence
Scrolls
 h - a scroll of noise {unknown}
 i - a scroll of brand weapon {unknown}
Potions
 f - 2 potions of heal wounds {unknown}
 g - a potion of mutation {unknown}


   Skills:
 + Level 2.7 Fighting
 + Level 2.7 Short Blades
 - Level 1.7 Throwing
 - Level 0.7 Dodging
 - Level 4.8 Stealth


You had 2 spell levels left.
You didn't know any spells.
Your spell library was empty.

Dungeon Overview and Level Annotations

Branches:
Dungeon (2/15)

Altars:


Innate Abilities, Weirdness & Mutations

You have extremely sharp teeth.
When hurt, damage is shared between your health and your magic reserves.
Your bite disrupts and absorbs the magic of your enemies.
Potions cannot restore your health.


Message History

The iguana bites you but does no damage.
You barely miss the iguana. Your bite misses the iguana.
The iguana is moderately wounded.
The iguana bites you.
You hit the iguana. You bite the iguana, but do no damage.
The iguana is heavily wounded.
The iguana barely misses you.
You barely miss the iguana.
The iguana is heavily wounded.
The ball python bites you but does no damage.
The ball python grabs you. The ball python constricts you.
The iguana bites you!
You are too injured to fight recklessly!
You are too injured to fight recklessly!
Unknown command.
You escape the ball python's grasp.
You hit the ball python.
You kill the ball python!
You closely miss the iguana.
The iguana is heavily wounded.
You hit the iguana.
The iguana is severely wounded.
The iguana closely misses you.
You hit the iguana but do no damage.
The iguana is severely wounded.
The iguana bites you.
You barely miss the iguana. Your bite misses the iguana.
The iguana is severely wounded.
The iguana closely misses you.
You hit the iguana but do no damage. Your bite misses the iguana.
The iguana is severely wounded.
The iguana closely misses you.
You hit the iguana. You bite the iguana, but do no damage.
The iguana is severely wounded.
The iguana bites you.
* * * LOW HITPOINT WARNING * * *
You hit the iguana but do no damage.
The iguana is severely wounded.
The iguana bites you!
You die...

#### # #...##### #
........# # # ........#
#.#### ........### #.....
..........### #..
............# #..
....###l#.# ## #..
#......@#... ..# #..
#######.###.##.# #..
#######........# #..
##.....#.#####..#######..
.......#.####............
#...........#............
#......#.##[#............
#......#........#.#####..
#.#########...###.# #....


You could see an iguana.

Vanquished Creatures
  4 ball pythons
  A bat (D:2)
  An endoplasm (D:1)
  3 giant cockroaches (D:1)
  4 goblins
  3 hobgoblins (D:1)
  3 jackals (D:1)
  4 kobolds
  2 quokkas
  4 frilled lizards
  5 rats (D:1)
34 creatures vanquished.

Notes
Turn   | Place    | Note
-------+----------+-------------------------------------------
     0 | D:1      | tilp the Vine Stalker Brigand began the quest for the Orb.
     0 | D:1      | Reached XP level 1. HP: 11/11 MP: 2/2
    17 | D:1      | Found a faded altar of an unknown god.
   116 | D:1      | Reached XP level 2. HP: 10/15 MP: 1/3
   511 | D:1      | Reached XP level 3. HP: 19/19 MP: 4/4
  1487 | D:2      | Slain by an iguana

Illustrated notes

Levels and vault maps discovered:
D:1:      lemuel_arrival_broad_hall, layout_loops_ring, basic_ecumenical_altar,
          corexii_item_surrounded_by_moat
D:2:      layout_loops_cross, hangedman_decor_slide_cut

Skill      XL: |  1 |
---------------+----+-----
Fighting       | 2 |  2.7
Short Blades   | 2 |  2.7
Throwing       | |  1.7
Dodging        | |  0.7
Stealth        | |  4.8

Action                   || total
-------------------------++-------
Melee: Dagger            ||    86
       Bite              ||    19
  Use: Scroll            ||     3
 Stab: Sleeping          ||     9
Armor: Robe              ||    17
Dodge: Dodged            ||    30

Table legend: (Time is in decaauts)
 A = Elapsed time spent in this place.
 B = Non-inter-level travel time spent in this place.
 C = Inter-level travel time spent in this place.
 D = Time resting spent in this place.
 E = Time spent auto-exploring this place.
 F = Levels seen in this place.
 G = Mean time per level.
                   A        B        C        D        E       F      G
               +--------+--------+--------+--------+--------+-----+--------+
         Total |   1477 |   1436 |     41 |    239 |    991 |   2 |  738.5 |
       Dungeon |   1477 |   1436 |     41 |    239 |    991 |   2 |  738.5 |
               +--------+--------+--------+--------+--------+-----+--------+

Top non-repeatable levels by time:
     D:1: 1132 daAuts
     D:2: 344 daAuts
